TOP OF THE 1ST |
Vermont Lake Monsters batting - Pitching for Mahoning Valley Scrappers : RHP Fomio Tashima
|
Pitching: RHP Fomio Tashima
|
|
Batting: RHB Ricardo Mariscal
|
0-0: Ball 1-0: Ball 2-0: Ball 3-0: Called Strike 3-1: Base on Balls
|
Batting: RHB Luis Restrepo
|
0-0: Swinging Strike 0-1: Called Strike 0-2: Strikes out swinging Ricardo Mariscal steals 2nd base Batter strikes out.
|
Batting: LHB Henry Hutson
|
0-0: Called Strike 0-1: Ball 1-1: Ball 2-1: Foul Ball, location: 2F 2-2: Fly out, F4 (Popup, 23, EV 86.3 MPH)
|
Batting: LHB Jose Zamarripa
|
0-0: Ball 1-0: Ball 2-0: Called Strike 2-1: Called Strike 2-2: Ball 3-2: Ground out 6-3 (Groundball, 6, EV 98.8 MPH)
|
Top of the 1st over - 0 runs, 0 hits, 0 errors, 1 left on base; Vermont 0 - Mahoning Valley 0 |
BOTTOM OF THE 1ST |
Mahoning Valley Scrappers batting - Pitching for Vermont Lake Monsters : LHP Darby Jones
|
Pitching: LHP Darby Jones
|
|
Batting: LHB John Harring
|
0-0: Foul Ball, location: 2F 0-1: Fly out, F7 (Line Drive, 7, EV 90.6 MPH)
|
Batting: RHB Juan Padilla
|
0-0: Called Strike 0-1: Ball 1-1: Swinging Strike 1-2: SINGLE (Groundball, 6MD, EV 98.1 MPH)
|
Batting: RHB Ryan Gautney
|
0-0: Ball 1-0: Ball 2-0: Called Strike 2-1: SINGLE (Line Drive, 78S, EV 93.8 MPH) Juan Padilla to second
|
Batting: RHB Jeremy Givens
|
0-0: Ball 1-0: Swinging Strike 1-1: Swinging Strike 1-2: Strikes out looking
|
Batting: LHB Devon Grant
|
0-0: Foul Ball, location: 2F 0-1: Fielders Choice at 2nd, 5-4 (Groundball, 56, EV 78.1 MPH)
|
Bottom of the 1st over - 0 runs, 2 hits, 0 errors, 2 left on base; Vermont 0 - Mahoning Valley 0 |
TOP OF THE 2ND |
Vermont Lake Monsters batting - Pitching for Mahoning Valley Scrappers : RHP Fomio Tashima
|
Batting: RHB Carlos Martinez
|
0-0: Foul Ball, location: 2F 0-1: Called Strike 0-2: Ball 1-2: SINGLE (Line Drive, 6M, EV 101.9 MPH)
|
Batting: LHB Youp van Erp
|
0-0: Ball Carlos Martinez is caught stealing 2nd base 2-6 1-0: Foul Ball, location: 2F 1-1: Called Strike 1-2: SINGLE (Line Drive, 34D, EV 97.5 MPH)
|
Batting: RHB Lu Tieh
|
0-0: Ball 1-0: Fielders Choice at 2nd, 4-6 (Groundball, 34, EV 101.9 MPH)
|
Batting: LHB Mario Cardona
|
0-0: Ball 1-0: Ball Lu Tieh steals 2nd base (no throw) 2-0: Called Strike 2-1: Ball 3-1: Foul Ball, location: 2F 3-2: Foul Ball, location: 2F 3-2: Fly out, F9 (Flyball, 89XD, EV 103.8 MPH)
|
Top of the 2nd over - 0 runs, 2 hits, 0 errors, 1 left on base; Vermont 0 - Mahoning Valley 0 |
BOTTOM OF THE 2ND |
Mahoning Valley Scrappers batting - Pitching for Vermont Lake Monsters : LHP Darby Jones
|
Batting: RHB Andy Lewis
|
0-0: Ball 1-0: Foul Ball, location: 2F 1-1: Ball 2-1: Foul Ball, location: 2F 2-2: Foul Ball, location: 2F 2-2: Foul Ball, location: 2F 2-2: Ball 3-2: Base on Balls
|
Batting: RHB Willie Gonzales
|
0-0: Ball 1-0: Swinging Strike 1-1: Fielders Choice at 2nd, 4-6 (Groundball, 4, EV 81.3 MPH)
|
Batting: RHB Gashie Chimsima
|
0-0: Called Strike 0-1: Called Strike 0-2: Foul Ball, location: 2F 0-2: Strikes out swinging
|
Batting: LHB Tom Bemis
|
0-0: Called Strike 0-1: Called Strike 0-2: Foul Ball, location: 2F 0-2: Ball Willie Gonzales steals 2nd base 1-2: Strikes out looking
|
Bottom of the 2nd over - 0 runs, 0 hits, 0 errors, 1 left on base; Vermont 0 - Mahoning Valley 0 |
TOP OF THE 3RD |
Vermont Lake Monsters batting - Pitching for Mahoning Valley Scrappers : RHP Fomio Tashima
|
Batting: RHB Oscar Avila
|
0-0: Foul Ball, location: 2F 0-1: Ball 1-1: Ball 2-1: Fly out, F8 (Flyball, 8LXD, EV 85.0 MPH)
|
Batting: RHB Ricardo Mariscal
|
0-0: Swinging Strike 0-1: Ball 1-1: Ball 2-1: Foul Ball, location: 2F 2-2: Foul Ball, location: 2F 2-2: Foul Ball, location: 2F 2-2: Ground out 3-1 (Groundball, 34, EV 111.3 MPH)
|
Batting: RHB Luis Restrepo
|
0-0: Called Strike 0-1: Ball 1-1: Ball 2-1: Ball 3-1: Called Strike 3-2: Ground out 2-3 (Groundball, 2L, EV 69.4 MPH)
|
Top of the 3rd over - 0 runs, 0 hits, 0 errors, 0 left on base; Vermont 0 - Mahoning Valley 0 |
BOTTOM OF THE 3RD |
Mahoning Valley Scrappers batting - Pitching for Vermont Lake Monsters : LHP Darby Jones
|
Batting: LHB John Harring
|
0-0: Called Strike 0-1: Ball 1-1: SINGLE (Groundball, 56S, EV 63.8 MPH) (infield hit)
|
Batting: RHB Juan Padilla
|
0-0: Ball John Harring steals 2nd, throwing error, E2 John Harring to third 1-0: Ball 2-0: Called Strike 2-1: Ball 3-1: Foul Ball, location: 2F 3-2: Foul Ball, location: 2F 3-2: Ground out 4-3 (Groundball, 4, EV 108.1 MPH) John Harring scores
|
Batting: RHB Ryan Gautney
|
0-0: DOUBLE (Line Drive, 9LM, EV 108.1 MPH)
|
Batting: RHB Jeremy Givens
|
0-0: Ball 1-0: Ball 2-0: Foul Ball, location: 2F 2-1: DOUBLE (Line Drive, 78D, EV 112.5 MPH) Ryan Gautney scores
|
Batting: LHB Devon Grant
|
0-0: Called Strike Jeremy Givens steals 3rd base 0-1: Ball 1-1: Ball 2-1: Swinging Strike 2-2: Fly out, F9 (Flyball, 9S, EV 79.4 MPH)
|
Pitching: RHP Jesus Moreno
|
|
Batting: RHB Andy Lewis
|
0-0: Ball 1-0: Called Strike 1-1: Called Strike 1-2: Ball 2-2: Ball 3-2: SINGLE (Groundball, 4D, EV 97.5 MPH) Jeremy Givens scores
|
Batting: RHB Willie Gonzales
|
0-0: Ball 1-0: Called Strike 1-1: Ball 2-1: Foul Ball, location: 2F 2-2: Foul Ball, location: 2F 2-2: Fly out, F9 (Flyball, 9, EV 95.6 MPH)
|
Bottom of the 3rd over - 3 runs, 4 hits, 1 error, 1 left on base; Vermont 0 - Mahoning Valley 3 |
TOP OF THE 4TH |
Vermont Lake Monsters batting - Pitching for Mahoning Valley Scrappers : RHP Fomio Tashima
|
Batting: LHB Henry Hutson
|
0-0: Called Strike 0-1: Ball 1-1: Ground out 5-3 (Groundball, 6, EV 90.6 MPH)
|
Batting: LHB Jose Zamarripa
|
0-0: Called Strike 0-1: Ball 1-1: Swinging Strike 1-2: Foul Ball, location: 2F 1-2: Strikes out swinging
|
Batting: RHB Carlos Martinez
|
0-0: SINGLE (Line Drive, 8RM, EV 97.5 MPH)
|
Batting: LHB Youp van Erp
|
0-0: Ball 1-0: Ball 2-0: Called Strike 2-1: Called Strike Carlos Martinez steals 2nd base (no throw) 2-2: Ground out 5-3 (Groundball, 56S, EV 71.9 MPH)
|
Top of the 4th over - 0 runs, 1 hit, 0 errors, 1 left on base; Vermont 0 - Mahoning Valley 3 |
BOTTOM OF THE 4TH |
Mahoning Valley Scrappers batting - Pitching for Vermont Lake Monsters : RHP Jesus Moreno
|
Batting: RHB Gashie Chimsima
|
0-0: Ball 1-0: Swinging Strike 1-1: Ground out 5-3 (Groundball, 56S, EV 75.0 MPH)
|
Batting: LHB Tom Bemis
|
0-0: Foul Ball, location: 2F 0-1: Called Strike 0-2: Foul Ball, location: 2F 0-2: Ball 1-2: Strikes out swinging
|
Batting: LHB John Harring
|
0-0: Ball 1-0: Ball 2-0: Ground out 1-3 (Groundball, P, EV 68.8 MPH)
|
Bottom of the 4th over - 0 runs, 0 hits, 0 errors, 0 left on base; Vermont 0 - Mahoning Valley 3 |
TOP OF THE 5TH |
Vermont Lake Monsters batting - Pitching for Mahoning Valley Scrappers : RHP Fomio Tashima
|
Batting: RHB Lu Tieh
|
0-0: Ground out 6-3 (Groundball, 6, EV 101.9 MPH)
|
Batting: LHB Mario Cardona
|
0-0: Hit by Pitch
|
Batting: RHB Oscar Avila
|
0-0: Called Strike 0-1: Foul Ball, location: 2F 0-2: Strikes out swinging Mario Cardona steals 2nd, throwing error, E2 Mario Cardona to third
|
Batting: RHB Ricardo Mariscal
|
0-0: Ball 1-0: Ground out 1-3 (Groundball, 15S, EV 67.5 MPH)
|
Top of the 5th over - 0 runs, 0 hits, 1 error, 1 left on base; Vermont 0 - Mahoning Valley 3 |
BOTTOM OF THE 5TH |
Mahoning Valley Scrappers batting - Pitching for Vermont Lake Monsters : RHP Jesus Moreno
|
Batting: RHB Juan Padilla
|
0-0: Ground out 6-3 (Groundball, 6M, EV 96.3 MPH)
|
Batting: RHB Ryan Gautney
|
0-0: Ball 1-0: SINGLE (Groundball, 56D, EV 101.3 MPH)
|
Batting: RHB Jeremy Givens
|
0-0: Ball 1-0: Foul Ball, location: 2F 1-1: Swinging Strike 1-2: Strikes out swinging
|
Batting: LHB Devon Grant
|
0-0: Called Strike 0-1: Ball 1-1: Called Strike 1-2: Ball 2-2: Strikes out looking
|
Bottom of the 5th over - 0 runs, 1 hit, 0 errors, 1 left on base; Vermont 0 - Mahoning Valley 3 |
TOP OF THE 6TH |
Vermont Lake Monsters batting - Pitching for Mahoning Valley Scrappers : RHP Fomio Tashima
|
Batting: RHB Luis Restrepo
|
0-0: Called Strike 0-1: Ball 1-1: Foul Ball, location: 2F 1-2: Foul Ball, location: 2F 1-2: Ball 2-2: Ball 3-2: Foul Ball, location: 2F 3-2: Base on Balls
|
Pitching: LHP Victor Garcia
|
|
Batting: LHB Henry Hutson
|
0-0: Ball 1-0: Fly out, F5 (Line Drive, 5, EV 67.5 MPH)
|
Batting: LHB Jose Zamarripa
|
0-0: Ball 1-0: Ball Luis Restrepo is caught stealing 2nd base 2-6 2-0: Called Strike 2-1: Foul Ball, location: 2F 2-2: SINGLE (Groundball, 34D, EV 103.8 MPH)
|
Batting: RHB Carlos Martinez
|
0-0: Called Strike 0-1: Ball Wild Pitch! Jose Zamarripa to second 1-1: Foul Ball, location: 2F 1-2: Ball 2-2: Ball 3-2: Foul Ball, location: 2F 3-2: Base on Balls
|
Batting: LHB Youp van Erp
|
0-0: Foul Ball, location: 2F 0-1: Ball 1-1: Called Strike 1-2: Strikes out swinging
|
Top of the 6th over - 0 runs, 1 hit, 0 errors, 2 left on base; Vermont 0 - Mahoning Valley 3 |
BOTTOM OF THE 6TH |
Mahoning Valley Scrappers batting - Pitching for Vermont Lake Monsters : RHP Jesus Moreno
|
Batting: RHB Andy Lewis
|
0-0: Ball 1-0: Foul Ball, location: 2F 1-1: Foul Ball, location: 2F 1-2: Strikes out swinging
|
Batting: RHB Willie Gonzales
|
0-0: Swinging Strike 0-1: Foul Ball, location: 2F 0-2: Ball 1-2: Strikes out swinging
|
Batting: RHB Gashie Chimsima
|
0-0: Ball 1-0: Called Strike 1-1: Swinging Strike 1-2: Reached on error, E4 (Groundball, 4, EV 84.4 MPH)
|
Pitching: RHP Matt Constantino
|
|
Batting: LHB Tom Bemis
|
0-0: Called Strike 0-1: Ball 1-1: Called Strike Pickoff Throw to First - Error! E1 Gashie Chimsima to second 1-2: Ball 2-2: Strikes out swinging
|
Bottom of the 6th over - 0 runs, 0 hits, 2 errors, 1 left on base; Vermont 0 - Mahoning Valley 3 |
TOP OF THE 7TH |
Vermont Lake Monsters batting - Pitching for Mahoning Valley Scrappers : LHP Victor Garcia
|
Pitching: RHP Josh Hughes
|
|
Batting: RHB Lu Tieh
|
0-0: Ball 1-0: Called Strike 1-1: Swinging Strike 1-2: Strikes out swinging
|
Batting: LHB Mario Cardona
|
0-0: Foul Ball, location: 2F 0-1: Called Strike 0-2: SOLO HOME RUN (Line Drive, 9D, EV 105.6 MPH), Distance : 379 ft
|
Batting: RHB Oscar Avila
|
0-0: Called Strike 0-1: Swinging Strike 0-2: Strikes out swinging
|
Batting: RHB Ricardo Mariscal
|
0-0: Foul Ball, location: 2F 0-1: Ball 1-1: Ball 2-1: Ball 3-1: Foul Ball, location: 2F 3-2: Strikes out swinging
|
Top of the 7th over - 1 run, 1 hit, 0 errors, 0 left on base; Vermont 1 - Mahoning Valley 3 |
BOTTOM OF THE 7TH |
Mahoning Valley Scrappers batting - Pitching for Vermont Lake Monsters : RHP Matt Constantino
|
Batting: LHB John Harring
|
0-0: Ball 1-0: Called Strike 1-1: Ball 2-1: Called Strike 2-2: Strikes out looking
|
Batting: RHB Juan Padilla
|
0-0: Swinging Strike 0-1: Fly out, F7 (Flyball, 78M, EV 80.6 MPH)
|
Batting: RHB Ryan Gautney
|
0-0: Ball 1-0: DOUBLE (Line Drive, 89D, EV 100.0 MPH)
|
Batting: RHB Jeremy Givens
|
0-0: Foul Ball, location: 2F 0-1: Ball 1-1: Foul Ball, location: 2F 1-2: Ball Wild Pitch! Ryan Gautney to third 2-2: SINGLE (Groundball, 56S, EV 70.0 MPH) (infield hit) Ryan Gautney scores
|
Batting: LHB Devon Grant
|
0-0: Ball 1-0: Called Strike 1-1: Ball Jeremy Givens steals 2nd base 2-1: Foul Ball, location: 2F 2-2: Strikes out swinging
|
Bottom of the 7th over - 1 run, 2 hits, 0 errors, 1 left on base; Vermont 1 - Mahoning Valley 4 |
TOP OF THE 8TH |
Vermont Lake Monsters batting - Pitching for Mahoning Valley Scrappers : RHP Josh Hughes
|
Pitching: LHP J.J. Adkins
|
|
Batting: RHB Luis Restrepo
|
0-0: Ball 1-0: Called Strike 1-1: Foul Ball, location: 2F 1-2: Strikes out swinging
|
Batting: LHB Henry Hutson
|
0-0: Fly out, F9 (Flyball, 9, EV 86.3 MPH)
|
Batting: LHB Jose Zamarripa
|
0-0: Swinging Strike 0-1: Foul Ball, location: 2F 0-2: Ball 1-2: Ball 2-2: Foul Ball, location: 2F 2-2: Strikes out swinging
|
Top of the 8th over - 0 runs, 0 hits, 0 errors, 0 left on base; Vermont 1 - Mahoning Valley 4 |
BOTTOM OF THE 8TH |
Mahoning Valley Scrappers batting - Pitching for Vermont Lake Monsters : RHP Matt Constantino
|
Pitching: RHP David Mejia
|
|
Batting: RHB Andy Lewis
|
0-0: Ball 1-0: Called Strike 1-1: Foul Ball, location: 2F 1-2: Foul Ball, location: 2F 1-2: DOUBLE (Line Drive, 9LS, EV 95.6 MPH)
|
Batting: RHB Willie Gonzales
|
0-0: Intentional Walk
|
Batting: RHB Gashie Chimsima
|
0-0: Ball 1-0: Ball 2-0: Called Strike 2-1: Foul Ball, location: 2F 2-2: Foul Ball, location: 2F 2-2: Ball 3-2: Base on Balls Andy Lewis to third Willie Gonzales to second
|
Pitching: RHP Aaron Garard
|
|
Batting: LHB Tom Bemis
|
0-0: Foul Ball, location: 2F 0-1: Called Strike 0-2: Strikes out swinging
|
Batting: LHB John Harring
|
0-0: Ball 1-0: Called Strike 1-1: Called Strike 1-2: Ball 2-2: Grounds into fielders choice 3-2 (Groundball, 3, EV 87.5 MPH) Willie Gonzales to third Gashie Chimsima to second
|
Batting: RHB Juan Padilla
|
0-0: Ball 1-0: Ball 2-0: Ball 3-0: Called Strike 3-1: Ground out 5-3 (Groundball, 56S, EV 82.5 MPH)
|
Bottom of the 8th over - 0 runs, 1 hit, 0 errors, 3 left on base; Vermont 1 - Mahoning Valley 4 |
TOP OF THE 9TH |
Vermont Lake Monsters batting - Pitching for Mahoning Valley Scrappers : LHP J.J. Adkins
|
Pitching: RHP Chris DeVall
|
|
Batting: RHB Carlos Martinez
|
0-0: Ground out 6-3 (Groundball, 6, EV 103.1 MPH)
|
Batting: LHB Youp van Erp
|
0-0: Called Strike 0-1: Hit by Pitch
|
Batting: RHB Lu Tieh
|
0-0: Ball 1-0: Foul Ball, location: 2F 1-1: Ground out 6-3 (Groundball, 6S, EV 66.3 MPH) Youp van Erp to second
|
Batting: LHB Mario Cardona
|
0-0: Called Strike 0-1: Ball 1-1: Ball 2-1: Ball 3-1: Foul Ball, location: 2F 3-2: Foul Ball, location: 2F 3-2: Ground out 6-3 (Groundball, 6, EV 77.5 MPH)
|
Top of the 9th over - 0 runs, 0 hits, 0 errors, 1 left on base; Vermont 1 - Mahoning Valley 4 |
|